 Dungeon Crawl Stone Soup version 0.22.1-5-g62c59d919a (webtiles) character file.

26 Riddle the Charlatan (level 3, 0/28 HPs)
             Began as a Gnoll Artificer on Jan 12, 2019.
             Succumbed to Sigmund's poison
             ... on level 2 of the Dungeon.
             The game lasted 00:01:56 (1521 turns).

Riddle the Charlatan (Gnoll Artificer)              Turns: 1521, Time: 00:01:57

Health: 0/28       AC:  5    Str: 15    XL:     3   Next: 8%
Magic:  16/16      EV: 11    Int: 13    God:
Gold:   61         SH:  0    Dex: 15    Spells: 3/3 levels left

rFire    . . .     SeeInvis .   l - +0 spear
rCold    . . .     Gourm    .   (no shield)
rNeg     . . .     Faith    .   k - -1 scale mail (curse)
rPois    +         Spirit   .   (no helmet)
rElec    .         Reflect  .   (no cloak)
rCorr    .         Harm     .   (no gloves)
MR       .....                  (no boots)
Stlth    +.........             (no amulet)
HPRegen  0.09/turn              g - ring of poison resistance
MPRegen  0.15/turn              n - ring of magical power

@: lethally poisoned (0 -> -29)
A: distributed training, fangs 1, strong nose
a: no special abilities


You were on level 2 of the Dungeon.
You were hungry.

You visited 1 branch of the dungeon, and saw 2 of its levels.

You collected 61 gold pieces.

Inventory:

Hand Weapons
 l - a +0 spear (weapon)
Armour
 b - a +0 leather armour
 k - a cursed -1 scale mail (worn)
Jewellery
 g - a ring of poison resistance (left hand)
 n - a ring of magical power (right hand)
Wands
 c - a wand of flame (15)
 d - a wand of enslavement (15)
 e - a wand of random effects (15)
Scrolls
 a - 3 scrolls of identify
 i - 2 scrolls of enchant weapon
Potions
 h - a potion of lignification {unknown}
 j - 2 potions of flight {unknown}
Comestibles
 f - 3 rations


   Skills:
 + Level 2.5 Fighting
 + Level 2.5 Short Blades
 + Level 0.6 Long Blades
 + Level 0.6 Axes
 + Level 0.6 Maces & Flails
 + Level 0.6 Polearms
 + Level 0.6 Staves
 + Level 0.6 Slings
 + Level 0.6 Bows
 + Level 0.6 Crossbows
 + Level 0.6 Throwing
 + Level 0.6 Armour
 + Level 4.5 Dodging
 + Level 2.3 Stealth
 + Level 0.6 Shields
 + Level 0.6 Unarmed Combat
 + Level 0.6 Spellcasting
 + Level 0.4 Conjurations
 + Level 0.4 Hexes
 + Level 0.4 Charms
 + Level 0.4 Summonings
 + Level 0.4 Necromancy
 + Level 0.4 Translocations
 + Level 0.4 Transmutations
 + Level 0.4 Fire Magic
 + Level 0.4 Ice Magic
 + Level 0.4 Air Magic
 + Level 0.4 Earth Magic
 + Level 0.4 Poison Magic
 + Level 0.8 Invocations
 + Level 6.5 Evocations


You had 3 spell levels left.
You didn't know any spells.
Your spell library was empty.

Dungeon Overview and Level Annotations

Branches:
Dungeon (2/15)

Altars:

Annotations:
D:2 Sigmund


Innate Abilities, Weirdness & Mutations

Your experience applies equally to all skills.
You have very sharp teeth.
Your uncanny sense of smell can sniff out nearby items.


Message History

You are lethally poisoned!
Attack whom?
Press: ? - help, Dir - move target cursor, f - Sigmund
Aim: Sigmund, wielding a scythe of venom and wearing a robe You reach to attack!
You puncture Sigmund!
Sigmund is moderately wounded.
You feel sick.
Attack whom?
Press: ? - help, Dir - move target cursor, f/p - Sigmund
Aim: Sigmund, wielding a scythe of venom and wearing a robe (moderately You reach to attack!
Your scale mail prevents you from hitting Sigmund.
Sigmund is moderately wounded.
You feel sick.
Sigmund hits you from afar with a scythe of venom!
* * * LOW HITPOINT WARNING * * *
You are more poisoned.
* * * LOW HITPOINT WARNING * * *
You feel sick.
You die...

#.# ##.## ### #...#
...## #...# ....
#...# ... #...#
#.#####...####
####..............
#....@..@/........
...................
.##########...#####
#...# #...# #?..#
..># ##


You could see Sigmund.

Vanquished Creatures
  A dart slug (D:1)
  4 goblins (D:1)
  2 hobgoblins (D:1)
  6 jackals (D:1)
  5 bats
  A frilled lizard (D:1)
  A kobold (D:1)
  2 rats (D:1)
22 creatures vanquished.

Notes
Turn   | Place    | Note
-------+----------+-------------------------------------------
     0 | D:1      | Riddle the Gnoll Artificer began the quest for the Orb.
     0 | D:1      | Reached XP level 1. HP: 17/17 MP: 4/4
   347 | D:1      | Reached XP level 2. HP: 23/23 MP: 6/6
  1040 | D:1      | Reached XP level 3. HP: 19/28 MP: 7/7
  1514 | D:2      | Noticed Sigmund
  1521 | D:2      | Succumbed to Sigmund's poison

Action                   || total
-------------------------++-------
Melee: Short sword       ||    45
       Bite              ||     7
       Spear             ||    67
  Use: Scroll            ||     5
  Eat: Chunk             ||     1
Armor: Leather armour    ||    16
       Scale mail        ||    22
Dodge: Dodged            ||   105
